 Dungeon Crawl Stone Soup version 0.31-a0-358-gac0dbeb3ab (webtiles) character file.

Game seed: 10540328450130992851

77 cforsyth the Charlatan (level 4, -4/34 HPs)
             Began as a Gnoll Artificer on July 25, 2023.
             Killed by nerve-wracking pain
             ... invoked by Jessica
              (12 damage)
             ... on level 3 of the Dungeon.
             The game lasted 00:02:53 (2046 turns).

cforsyth the Charlatan (Gnoll Artificer)            Turns: 2046, Time: 00:02:54

Health: -4/34      AC: 10    Str: 11    XL:     4   Next: 34%
Magic:  5/5        EV:  9    Int: 12    God:
Gold:   50         SH:  0    Dex: 13    Spells: 5/5 levels left

rFire   . . .        r - +0 flail
rCold   . . .        (no shield)
rNeg    . . .        s - +0 scale mail
rPois   .            m - +0 helmet
rElec   .            w - +0 cloak
rCorr   .            (no gloves)
SInv    .            v - +0 pair of boots
Will    .....        (no amulet)
Stlth   +            (no ring)
HPRegen 0.25/turn    (no ring)
MPRegen 0.09/turn

%: no passive effects
@: no status effects
A: fangs 1, strong nose, distributed training
a: no special abilities


You were on level 3 of the Dungeon.
You visited 1 branch of the dungeon, and saw 3 of its levels.

You collected 50 gold pieces.

Inventory:

Hand Weapons
 a - a +0 club
 r - a +0 flail (weapon)
Armour
 b - a +0 leather armour
 m - a +0 helmet (worn)
 s - a +0 scale mail (worn)
 v - a +0 pair of boots (worn)
 w - a +0 cloak (worn)
Jewellery
 p - a +6 ring of dexterity
Wands
 c - a wand of flame (11) (quivered)
 d - a wand of charming (15)
 e - a wand of iceblast (5)
Scrolls
 h - a scroll of revelation {unknown}
 k - a scroll of vulnerability {unknown}
 l - 2 scrolls of immolation {unknown}
 n - a scroll of poison {unknown}
 o - a scroll of enchant weapon {unknown}
 t - a scroll of identify {unknown}
 u - a scroll of enchant armour {unknown}
Potions
 f - a potion of haste {unknown}
 g - a potion of might {unknown}
 i - a potion of curing {unknown}
 j - a potion of heal wounds {unknown}
 q - a potion of mutation {unknown}


   Skills:
 + Level 2.7 Fighting
 + Level 1.1 Short Blades
 + Level 1.1 Long Blades
 + Level 1.1 Axes
 + Level 1.1 Maces & Flails
 + Level 1.1 Polearms
 + Level 1.1 Staves
 + Level 1.1 Ranged Weapons
 + Level 1.1 Throwing
 + Level 4.6 Armour
 + Level 2.7 Dodging
 + Level 2.5 Stealth
 + Level 1.1 Shields
 + Level 1.1 Unarmed Combat
 + Level 1.1 Spellcasting
 + Level 0.9 Conjurations
 + Level 0.9 Hexes
 + Level 0.9 Summonings
 + Level 0.9 Necromancy
 + Level 0.9 Translocations
 + Level 0.9 Transmutations
 + Level 0.9 Fire Magic
 + Level 0.9 Ice Magic
 + Level 0.9 Air Magic
 + Level 0.9 Earth Magic
 + Level 0.9 Poison Magic
 + Level 1.2 Invocations
 + Level 6.6 Evocations
 + Level 0.9 Shapeshifting


You had 5 spell levels left.
You didn't know any spells.
Your spell library contained the following spells:

 Spells                   Type           Power      Damage    Failure   Level
 Volatile Blastmotes      Fire/Tloc      4%         2d10      97%         3
 Fulminant Prism          Conj/Hex       1%         3d5       100%        4
 Iskenderun's Mystic Bla  Conj/Tloc      2%         2d3       100%        4


Dungeon Overview and Level Annotations

Branches:
Dungeon (3/15)

Altars:

Annotations:
D:3 Jessica


Innate Abilities, Weirdness & Mutations

You have very sharp teeth.
Your uncanny sense of smell can sniff out nearby items.
Your experience applies equally to all skills.


Message History

You continue putting on your +0 cloak.
Jessica hits you with a +0 club. Jessica hits you but does no damage.
You finish putting on your +0 cloak.
You barely miss Jessica. Jessica hits you but does no damage. x2
You sock Jessica!
Jessica is severely wounded.
Jessica hits you with a +0 club.
Jessica gestures wildly while chanting.
Jessica blinks!
Found an escape hatch in the floor.
You completely miss Jessica.
Jessica is severely wounded.
Jessica hits you but does no damage.
Jessica mumbles some strange words.
Jessica blinks!
Found a stone staircase leading down.
Jessica gestures at you while chanting. Pain shoots through your body!
Jessica is no longer moving quickly.
Jessica points at you and mumbles some strange words.
Pain shoots through your body!
* * * LOW HITPOINT WARNING * * *
You are too injured to fight recklessly!
You are too injured to fight recklessly!
You are too injured to fight recklessly!
You are too injured to fight recklessly!
You are too injured to fight recklessly!
You are too injured to fight recklessly!
You are too injured to fight recklessly!
You are too injured to fight recklessly!
You barely miss Jessica.
Jessica is severely wounded.
Jessica barely misses you. x2
Aiming: Throw Flame
Press: ? - help, Shift-Dir - straight line, f - Jessica
Aim: Jessica, wielding a +0 club and wearing a +0 robe (severely wounded, 74% to hit)
The puff of flame misses Jessica.
Jessica casts a spell at you. Pain shoots through your body!
You die...

>...... .....
..............# .....
..............# ......
..............# ......
..............##......
.............##.....>
.....#[....##...#
#..)).....@@.#
####..†........##
.#....†........##
....$.........##
..............#
............###
.....#.#..#.#######
.......#..........#
......#...........#


You could see Jessica.

Vanquished Creatures
  Terence (D:2)
  An adder (D:2)
  A worm (D:2)
  A dart slug (D:2)
  5 bats
  3 endoplasms
  2 giant cockroaches (D:1)
  3 goblins
  6 hobgoblins
  2 jackals (D:2)
  2 quokkas
  2 ball pythons
  2 frilled lizards (D:1)
  4 kobolds
  4 rats
39 creatures vanquished.

Notes
Turn   | Place    | Note
-------+----------+-------------------------------------------
     0 | D:1      | cforsyth the Gnoll Artificer began the quest for the Orb.
     0 | D:1      | Reached XP level 1. HP: 17/17 MP: 1/1
   245 | D:1      | Reached XP level 2. HP: 20/23 MP: 2/2
   917 | D:1      | Reached XP level 3. HP: 28/28 MP: 3/3
  1227 | D:2      | Reached skill level 1 in Invocations
  1274 | D:2      | Found a faded altar of an unknown god.
  1384 | D:2      | Noticed Terence
  1395 | D:2      | Killed Terence
  1396 | D:2      | Reached skill level 1 in Short Blades
  1396 | D:2      | Reached skill level 1 in Long Blades
  1396 | D:2      | Reached skill level 1 in Axes
  1396 | D:2      | Reached skill level 1 in Maces & Flails
  1396 | D:2      | Reached skill level 1 in Polearms
  1396 | D:2      | Reached skill level 1 in Staves
  1396 | D:2      | Reached skill level 1 in Ranged Weapons
  1396 | D:2      | Reached skill level 1 in Throwing
  1396 | D:2      | Reached skill level 1 in Shields
  1396 | D:2      | Reached skill level 1 in Unarmed Combat
  1396 | D:2      | Reached skill level 1 in Spellcasting
  1396 | D:2      | Reached XP level 4. HP: 16/34 MP: 5/5
  2017 | D:3      | Noticed Jessica
  2046 | D:3      | Killed from afar by Jessica

Illustrated notes

Levels and vault maps discovered:
D:1:      lightli_arrival_isolated_outpost, layout_basic
D:2:      layout_loops_ring, ebering_ecumenical_altar_ruins, uniq_terence
D:3:      layout_rooms, reono_crystal_passage, dreamdust_wishing_well,
          uniq_jessica

Skill      XL: |  1  2  3 |
---------------+----------+-----
Invocations    | 1 |  1.2
Short Blades   | 1 |  1.1
Long Blades    | 1 |  1.1
Axes           | 1 |  1.1
Maces & Flails | 1 |  1.1
Polearms       | 1 |  1.1
Staves         | 1 |  1.1
Ranged Weapons | 1 |  1.1
Throwing       | 1 |  1.1
Shields        | 1 |  1.1
Unarmed Combat | 1 |  1.1
Spellcasting   | 1 |  1.1
Fighting       | |  2.7
Armour         | |  4.6
Dodging        | |  2.7
Stealth        | |  2.5
Conjurations   | |  0.9
Hexes          | |  0.9
Summonings     | |  0.9
Necromancy     | |  0.9
Translocations | |  0.9
Transmutations | |  0.9
Fire Magic     | |  0.9
Ice Magic      | |  0.9
Air Magic      | |  0.9
Earth Magic    | |  0.9
Poison Magic   | |  0.9
Evocations     | |  6.6
Shapeshifting  | |  0.9

Action                     |  1- 3 |  4- 6 || total
---------------------------+-------+-------++-------
  Melee: Club              |   165 |    14 ||   179
         Bite              |     7 |     4 ||    11
         Punch             |     1 |       ||     1
         Flail             |       |    30 ||    30
  Evoke: Wand              |     3 |     1 ||     4
   Stab: Sleeping          |     1 |       ||     1
 Armour: Leather armour    |    54 |     4 ||    58
         Scale mail        |       |    21 ||    21
  Dodge: Dodged            |   134 |    24 ||   158

Table legend: (Time is in decaauts)
 A = Elapsed time spent in this place.
 B = Non-inter-level travel time spent in this place.
 C = Inter-level travel time spent in this place.
 D = Time resting spent in this place.
 E = Time spent auto-exploring this place.
 F = Levels seen in this place.
 G = Mean time per level.
                   A        B        C        D        E       F      G
               +--------+--------+--------+--------+--------+-----+--------+
         Total |   2111 |   2023 |     88 |      0 |   1557 |   3 |  703.7 |
       Dungeon |   2111 |   2023 |     88 |      0 |   1557 |   3 |  703.7 |
               +--------+--------+--------+--------+--------+-----+--------+

Top non-repeatable levels by time:
     D:1: 1185 daAuts
     D:2: 840 daAuts
     D:3: 85 daAuts
